Map: Simulacrum LE

Players

Enrique (Quantel) - Winner!

  • Race: Protoss Protoss
  • Spawn Location: 11:00

Kopankiewicz (Blysk)

  • Race: Protoss Protoss
  • League: Bronze
  • Spawn Location: 5:00

Event: SEA Games 2019

VOD

https://youtu.be/KapzYgUyask

Description

Time

  • Played on: Dec. 5, 2019, 3:14 a.m.
  • Length: 7:25

All games in this series

Show
View Real Time Build Order
Export as new Build Order

Enrique Protoss - Winner!

Build Orders: Blink Stalkers 

Get SALT Encoding   

  12  0:00  Probe  
  13  0:15  Probe  
  13  0:17  Pylon  
  14  0:27  Probe (Chrono Boost)  
  15  0:39  Probe (Chrono Boost)  
  15  0:40  Gateway  
  16  0:44  Probe (Chrono Boost)  
  16  0:47  Assimilator  
  17  0:53  Probe (Chrono Boost)  
  17  0:55  Assimilator  
  18  1:05  Probe (Chrono Boost)  
  18  1:09  Gateway  
  19  1:13  Probe (Chrono Boost)  
  20  1:19  Probe  
  21  1:27  Cybernetics Core  
  21  1:31  Probe  
  22  1:36  Pylon  
  22  1:44  Probe  
  23  2:03  Twilight Council  
  23  2:04  Warp Gate  
  23  2:06  Stalker  
  25  2:11  Stalker  
  27  2:17  Pylon  
  27  2:19  Probe  
  28  2:37  Blink (Chrono Boost)  
  28  2:49  Stalker  
  29  3:02  Nexus  
  29  3:28  Pylon  
  29  3:29  Probe  
  30  3:41  Probe  
  31  3:52  Stalker x2  
  31  3:53  Probe  
  36  3:59  Robotics Facility  
  36  4:06  Probe  
  37  4:14  Probe  
  38  4:18  Probe  
  38  4:19  Stalker x2  
  43  4:24  Charge  
  43  4:26  Probe  
  43  4:30  Probe  
  45  4:38  Probe  
  45  4:42  Probe  
  45  4:43  Gateway  
  47  4:50  Stalker x2  
  47  4:51  Probe  
  50  5:03  Warp Prism (Chrono Boost)  
  52  5:09  Gateway  
  52  5:10  Gateway  
  52  5:29  Immortal (Chrono Boost)  
  54  5:36  Pylon  
  54  5:42  Gateway  
  54  5:44  Zealot x2  
  58  5:51  Gateway  
  58  5:58  Gateway  
  58  5:59  Immortal (Chrono Boost)  
  58  6:02  Zealot  
  64  6:04  Pylon  
  64  6:06  Pylon  
  64  6:20  Pylon  
  64  6:23  Zealot x4, Sentry  
  74  6:34  Pylon  
  74  6:46  Zealot x6  
  86  6:48  Zealot  
  84  7:10  Zealot x6  
  84  7:11  Zealot x2  
Show
View Real Time Build Order
Export as new Build Order

Kopankiewicz Protoss 

Build Orders: Phoenix Opening 

Get SALT Encoding   

  12  0:00  Probe  
  13  0:12  Probe  
  14  0:17  Pylon  
  14  0:24  Probe (Chrono Boost)  
  15  0:37  Probe (Chrono Boost)  
  15  0:38  Gateway  
  16  0:44  Probe (Chrono Boost)  
  16  0:47  Assimilator  
  17  0:51  Probe  
  17  0:56  Assimilator  
  18  1:03  Probe (Chrono Boost)  
  19  1:16  Probe (Chrono Boost)  
  20  1:18  Gateway  
  20  1:23  Probe (Chrono Boost)  
  21  1:27  Cybernetics Core  
  21  1:31  Probe  
  22  1:38  Pylon  
  22  1:43  Probe  
  23  2:03  Stargate  
  23  2:04  Warp Gate (Chrono Boost), Stalker  
  25  2:10  Pylon  
  25  2:18  Stalker  
  25  2:21  Probe  
  28  2:31  Pylon  
  28  2:36  Stalker  
  30  2:45  Probe  
  30  2:47  Phoenix  
  33  2:58  Pylon  
  35  3:12  Robotics Facility  
  33  3:27  Shield Battery  
  33  3:35  Nexus  
  33  3:44  Sentry  
  33  3:45  Stalker  
  33  3:48  Probe  
  38  3:54  Shield Battery  
  38  4:00  Observer (Chrono Boost)  
  39  4:05  Pylon  
  39  4:10  Gateway  
  39  4:16  Gateway  
  39  4:28  Stalker  
  39  4:38  Stalker  
  39  4:44  Immortal (Chrono Boost)  
  41  4:49  Probe  
  44  5:00  Stalker  
  44  5:03  Probe  
  44  5:04  Probe  
  48  5:17  Immortal (Chrono Boost)  
  48  5:19  Probe (Chrono Boost)  
  53  5:27  Probe (Chrono Boost)  
  54  5:30  Probe (Chrono Boost)  
  54  5:35  Probe x2 (Chrono Boost)  
  56  5:41  Twilight Council  
  57  5:45  Probe  
  57  5:46  Pylon  
  57  5:47  Sentry  
  60  5:53  Immortal (Chrono Boost)  
  62  6:03  Assimilator  
  62  6:04  Probe  
  62  6:05  Probe  
  64  6:11  Assimilator  
  64  6:16  Probe  
  64  6:17  Probe  
  66  6:20  Pylon  
  66  6:25  Warp Prism  
  68  6:28  Probe  
  68  6:29  Probe  
  70  6:37  Templar Archives  
  70  6:43  Pylon  
  72  6:50  Shield Battery  
  72  6:53  Shield Battery  
  70  6:55  Zealot  
  70  6:56  Zealot  
  74  7:02  Zealot  
  74  7:03  Zealot  
  65  7:20  Zealot x2  
Tags
 
Add a new tag
Caveats
  • Supply blocks, unpowered buildings, or Contaminate may cause inaccurate times.
  • Supply counts are checked every 10 seconds.